 Dungeon Crawl Stone Soup version 0.29-a0-925-g0a7a3d12f8 (webtiles) character file.

Game seed: 2321779098126569611

113 quixfox the Digger (level 4, 0/24 HPs)
             Began as a Gargoyle Earth Elementalist on July 29, 2022.
             Slain by an orc priest
             ... wielding a +0 flail
              (8 damage)
             ... on level 4 of the Dungeon on July 30, 2022.
             The game lasted 00:08:58 (2314 turns).

quixfox the Digger (Gargoyle Earth Elementalist)    Turns: 2314, Time: 00:08:59

Health: 0/24       AC:  5    Str: 12    XL:     4   Next: 96%
Magic:  4/8        EV: 12    Int: 21    God:
Gold:   180        SH:  0    Dex: 10    Spells: 3/9 levels left

rFire   . . .      SeeInvis .   r - +3 morningstar of Bodily Humours {vorpal, Int+4}
rCold   . . .      Faith    .   (no shield)
rNeg    + . .      Spirit   .   a - +0 robe
rPois   ∞          Reflect  .   (no helmet)
rElec   +          Harm     .   (no cloak)
rCorr   .          Rampage  .   (no gloves)
Will    .....                   (no boots)
Stlth   ++........              j - amulet of the acrobat
HPRegen 0.08/turn               (no ring)
MPRegen 0.11/turn               (no ring)

@: no status effects
A: sickness immunity, AC +3, negative energy resistance 1, electricity
resistance, torment resistance 1, petrification resistance
a: no special abilities


You were on level 4 of the Dungeon.
You visited 1 branch of the dungeon, and saw 4 of its levels.

You collected 180 gold pieces.

Inventory:

Hand Weapons
 r - the +3 morningstar of Bodily Humours (weapon) {vorpal, Int+4}
   (You found it on level 2 of the Dungeon)

   It inflicts extra damage upon your enemies.
   Int:       It affects your intelligence (+4).
Armour
 a - a +0 robe (worn)
Jewellery
 c - a ring of ice
 j - an amulet of the acrobat (around neck)
Wands
 p - a wand of quicksilver (8)
Scrolls
 f - a scroll of brand weapon
 g - 3 scrolls of fear
 h - a scroll of enchant armour {unknown}
 i - a scroll of immolation {unknown}
 o - 2 scrolls of summoning
 q - a scroll of blinking {unknown}
 u - a scroll of teleportation {unknown}
Potions
 b - a potion of magic
 d - a potion of degeneration {unknown}
 e - a potion of mutation {unknown}
 k - a potion of attraction {unknown}
 l - 4 potions of heal wounds
 m - a potion of flight
 n - 2 potions of curing
 s - a potion of lignification
 t - a potion of resistance


   Skills:
 - Level 1.7 Dodging
 - Level 2.4 Stealth
 + Level 3.1 Spellcasting
 + Level 1.9 Conjurations
 - Level 1.0 Transmutations
 + Level 4.8 Earth Magic


You had 3 spell levels left.
You knew the following spells:

 Your Spells              Type           Power      Damage    Failure   Level
a - Sandblast             Erth           46%        2d11      1%          1
b - Passwall              Tmut/Erth      12%        N/A       6%          2
c - Stone Arrow           Conj/Erth      34%        3d9       10%         3

Your spell library contained the following spells:

 Spells                   Type           Power      Damage    Failure   Level
 Apportation              Tloc           6%         N/A       13%         1
 Necrotise                Necr           12%        1d4       13%         1
 Summon Small Mammal      Summ           12%        N/A       13%         1
 Petrify                  Tmut/Erth      15%        N/A       36%         4


Dungeon Overview and Level Annotations

Branches:
Dungeon (4/15)
 Temple: D:4-7

Altars:
Dithmenos
Fedhas
Gozag
Okawaru
Wu Jian
Zin

Shops:
D:2 !   D:3 *


Innate Abilities, Weirdness & Mutations

You are immune to sickness and miasma.
Your stone body is resilient. (AC +3)
You are immune to poison.
You resist negative energy. (rN+)
You are resistant to electric shocks. (rElec)
You are resistant to unholy torment.
You are immune to petrification.


Message History

A jackal is nearby!
Aiming: Sandblast (safe; 1% risk of failure)
Press: ? - help, Q - select action, (/) - cycle Shift-Dir - straight line, f - orc priest
Aim: an orc priest, wielding a +0 flail and wearing a +0 chain mail (87% to hit)
The blast of sand hits the orc priest.
The orc priest is moderately wounded.
Aiming: Sandblast (safe; 1% risk of failure)
Press: ? - help, Q - select action, (/) - cycle Shift-Dir - straight line, f - orc wizard
Aim: an orc wizard, wielding a +0 dagger and wearing a +0 robe (79% to hit)
The blast of sand hits the orc wizard!
The orc wizard is heavily wounded.
An orc comes into view. It is wielding a +0 hand axe.
The orc wizard gestures at you while chanting.
You resist with some effort.
The orc moves out of view.
Aiming: Sandblast (safe; 1% risk of failure)
Press: ? - help, Q - select action, (/) - cycle Shift-Dir - straight line, f/p - orc wizard
Aim: an orc wizard, wielding a +0 dagger and wearing a +0 robe (heavily wounded, 79% to hit)
The blast of sand misses the orc wizard.
The orc wizard points at you and mumbles some strange words.
The magic dart hits you. The orc wizard barely misses you.
Aiming: Sandblast (safe; 1% risk of failure)
Press: ? - help, Q - select action, (/) - cycle Shift-Dir - straight line, f/p - orc wizard
Aim: an orc wizard, wielding a +0 dagger and wearing a +0 robe (heavily wounded, 79% to hit)
The blast of sand hits the orc wizard!
You kill the orc wizard!
The jackal bites you but does no damage.
A jackal comes into view.
The jackal closely misses you.
The orc priest hits you with a +0 flail!
Aiming: Sandblast (safe; 1% risk of failure)
Press: ? - help, Q - select action, (/) - cycle Shift-Dir - straight line, f - orc priest
Aim: an orc priest, wielding a +0 flail and wearing a +0 chain mail (moderately wounded, 87% to hit)
The blast of sand hits the orc priest.
The orc priest is heavily wounded.
The jackal bites you but does no damage.
The jackal barely misses you.
The orc priest hits you with a +0 flail!
The jackal barely misses you.
The orc priest hits you with a +0 flail!
You die...

........##...#.
...............
....≈≈≈.......
#..≈.≈.......
#..≈.≈....... #
#.≈.≈.........
#####o....$<..#.##
#...@ho...# ....
#.......†.# .....
#.........##......
#......h..<)......
....###....##.......
#... #.............
.... ######........
#.#. ..#.....
##.....


You could see an orc priest, an orc and 2 jackals.

Vanquished Creatures
  An orc wizard (D:4)
  3 adders
  3 adder skeletons (D:2)
  3 dart slugs
  6 bats
  3 endoplasms (D:2)
  4 giant cockroaches
  A goblin (D:1)
  3 hobgoblins
  A jackal (D:2)
  3 kobolds
  3 quokkas
  6 ball pythons
  3 ball python skeletons (D:2)
  A ball python zombie (D:2)
  A frilled lizard (D:2)
  A giant cockroach zombie (D:2)
  A jackal zombie (D:2)
  A quokka skeleton (D:2)
  3 rats
51 creatures vanquished.

Vanquished Creatures (others)
  2 withered plants (D:2)
2 creatures vanquished.

Grand Total: 53 creatures vanquished

Notes
Turn   | Place    | Note
-------+----------+-------------------------------------------
     0 | D:1      | quixfox the Gargoyle Earth Elementalist began the quest for
                  | the Orb.
     0 | D:1      | Reached XP level 1. HP: 10/10 MP: 3/3
   201 | D:1      | Reached skill level 1 in Transmutations
   201 | D:1      | Reached XP level 2. HP: 15/15 MP: 1/5
   322 | D:1      | Found a faded altar of an unknown god.
   438 | D:1      | Reached skill level 4 in Earth Magic
   790 | D:2      | Reached XP level 3. HP: 19/19 MP: 1/6
   800 | D:2      | Learned a level 2 spell: Passwall
   804 | D:2      | Learned a level 3 spell: Stone Arrow
  1023 | D:2      | Reached skill level 1 in Conjurations
  1148 | D:2      | Reached XP level 4. HP: 24/24 MP: 1/8
  1226 | D:2      | Identified the +3 morningstar of Bodily Humours {vorpal,
                  | Int+4}
  1385 | D:2      | Found Wothutyx's Distillery.
  1483 | D:2      | Found a shadowy altar of Dithmenos.
  1816 | D:3      | Found Zin's Purification Station.
  1817 | D:3      | Found a glowing silver altar of Zin.
  1996 | D:3      | Found an opulent altar of Gozag.
  1998 | D:3      | Found an ornate altar of the Wu Jian Council.
  1999 | D:3      | Found a blossoming altar of Fedhas.
  2001 | D:3      | Found an iron altar of Okawaru.
  2314 | D:4      | Slain by an orc priest

Illustrated notes

Levels and vault maps discovered:
D:1:      dpeg_arrival_lava_altar, layout_rooms, serial_glass, glass_columns_a,
          glass_columns_b, ebering_ecumenical_altar_mist, kennysheep_nondescript
D:2:      minmay_general_purpose_star, layout_basic, serial_shops,
          nicolae_lakefront_shop, serial_undead, serial_undead_f,
          serial_undead_d, serial_undead_a, serial_undead_a, serial_undead_d,
          serial_undead_f, serial_undead_f, basic_altar
D:3:      layout_rooms, zin_purify, grunt_temple_overflow_open
D:4:      layout_rooms, mainiacjoe_overflow_six_doors_small,
          grunt_dithmenos_smoke, minmay_temple_entry_waves, serial_rivers,
          chequers_serial_rivers_micro_d, chequers_serial_rivers_micro_b,
          chequers_serial_rivers_micro_d, chequers_serial_rivers_micro_b,
          chequers_serial_rivers_room_b, uniq_duvessa

Skill      XL: |  1  2  3  4 |
---------------+-------------+-----
Transmutations | 1 |  1.0
Earth Magic    | 4 |  4.8
Conjurations   | 1 |  1.9
Spellcasting   | 3 |  3.1
Dodging        | |  1.7
Stealth        | |  2.4

Action                   |  1- 3 |  4- 6 || total
-------------------------+-------+-------++-------
 Cast: Sandblast         |    48 |    33 ||    81
  Use: Scroll            |       |     8 ||     8
Armor: Robe              |    14 |     5 ||    19
Dodge: Dodged            |    14 |    12 ||    26

Table legend: (Time is in decaauts)
 A = Elapsed time spent in this place.
 B = Non-inter-level travel time spent in this place.
 C = Inter-level travel time spent in this place.
 D = Time resting spent in this place.
 E = Time spent auto-exploring this place.
 F = Levels seen in this place.
 G = Mean time per level.
                   A        B        C        D        E       F      G
               +--------+--------+--------+--------+--------+-----+--------+
         Total |   2393 |   2329 |     64 |    180 |   1412 |   4 |  598.2 |
       Dungeon |   2393 |   2329 |     64 |    180 |   1412 |   4 |  598.2 |
               +--------+--------+--------+--------+--------+-----+--------+

Top non-repeatable levels by time:
     D:2: 971 daAuts
     D:1: 785 daAuts
     D:3: 588 daAuts
     D:4: 47 daAuts
